 Dungeon Crawl Stone Soup version 0.31-a0-202-g547052bce9 (webtiles) character file.

Game seed: 5972884959677102793

18 Drazool the Sneak (level 2, -3/18 HPs)
             Began as a Kobold Brigand on June 26, 2023.
             Slain by a gnoll
             ... wielding a +0 whip
              (7 damage)
             ... on level 1 of the Dungeon.
             The game lasted 00:02:31 (1167 turns).

Drazool the Sneak (Kobold Brigand)                  Turns: 1167, Time: 00:02:31

Health: -3/18      AC:  4    Str:  8    XL:     2   Next: 90%
Magic:  2/2        EV: 17    Int: 12    God:
Gold:   96         SH:  3    Dex: 16    Spells: 1/1 levels left

rFire   . . .        a - +2 dagger
rCold   . . .        g - +0 buckler
rNeg    . . .        h - +0 leather armour
rPois   .            (no helmet)
rElec   .            c - +0 cloak
rCorr   .            (no gloves)
SInv    .            (no boots)
Will    .....        (no amulet)
Stlth   ++++         Z - ring of wizardry
HPRegen 0.23/turn    E - +5 ring of evasion
MPRegen 0.08/turn

%: wizardry (x1)
@: no status effects
A: small, no large weapons, nightstalker 3
a: no special abilities


You were on level 1 of the Dungeon.
You visited 1 branch of the dungeon, and saw 2 of its levels.

You collected 96 gold pieces.


Innate Abilities, Weirdness & Mutations

You are small and have problems with some larger weapons.
You are completely attuned to the shadows.


   Skills:
 + Level 2.5 Fighting
 * Level 3.6 Short Blades
 - Level 2.1 Throwing
 - Level 1.2 Dodging
 + Level 5.6 Stealth


You had one spell level left.
You didn't know any spells.
Your spell library contained the following spells:

 Spells                   Type           Power      Damage    Failure   Level
 Anguish                  Hex/Necr       0%         N/A       95%         4
 Cause Fear               Hex            0%         N/A       95%         4
 Enfeeble                 Hex            0%         N/A       100%        7

Inventory:

Hand Weapons
 a - a +2 dagger (weapon)
Missiles
 d - 13 poisoned darts (quivered)
 e - 3 curare-tipped darts {=f}
Armour
 c - a +0 cloak (worn)
 g - a +0 buckler (worn)
 h - a +0 leather armour (worn)
Jewellery
 E - a +5 ring of evasion (right hand)
 Z - a ring of wizardry (left hand)
Wands
 b - a wand of polymorph (8)
Scrolls
 f - a scroll of blinking {unknown}

Dungeon Overview and Level Annotations

Branches:
Dungeon (2/15)

Altars:

#...# #.# #.###
#.# #.# #.#####
#.# ##...... #.#
#......)
##.########.######
#.............#
#g.########.#.####
#@g.....# #.....(.
#..####.#####.####
#..# #...# #.#
#..# #...# ##.####
#..###...# #......
#........# #......
#.####...# #......
#.####.†.# ##.####
#...###### #.#


You could see a gnoll and a goblin.


Message History

The gnoll attacks as you move away! The gnoll completely misses you.
A goblin comes into view. It is wielding a +0 club.
There is an open door here.
The gnoll attacks as you move away! The gnoll hits you with a +0 whip.
The goblin shouts!
A giant cockroach comes into view.
You barely miss the giant cockroach. The giant cockroach misses you.
The gnoll completely misses you.
A gnoll comes into view. It is wielding a +0 spear.
The giant cockroach closely misses you.
A gnoll comes into view. It is wielding a +0 whip.
The giant cockroach closely misses you.
The gnoll moves out of view.
The gnoll shouts! x2; You hear a shout!
The giant cockroach completely misses you.
You hear a shout!
The giant cockroach attacks as you move away!
The giant cockroach closely misses you.
The gnoll hits you from afar with a +0 spear.
* * * LOW HITPOINT WARNING * * *
The gnoll barely misses you.
There is a stone staircase leading up here.
You block the gnoll's attack. The gnoll closely misses you.
The goblin hits you with a +0 club.
* * * LOW HITPOINT WARNING * * *
The gnoll hits you from afar with a +0 spear.
* * * LOW HITPOINT WARNING * * *
You climb upwards.
There is a stone staircase leading down here.
The gnoll attacks as you move away! The gnoll hits you with a +0 whip!
You die...

Skill      XL: |  1 |
---------------+----+-----
Short Blades   | 3 |  3.6
Fighting       | |  2.5
Throwing       | |  2.1
Dodging        | |  1.2
Stealth        | |  5.6

Action                     || total
---------------------------++-------
  Melee: Dagger            ||    35
  Throw: Dart              ||     4
   Stab: Sleeping          ||     9
 Armour: Robe              ||     1
         Leather armour    ||     1
  Dodge: Dodged            ||    32
  Block: Buckler           ||     4

Levels and vault maps discovered:
D:1:      sevenhm_arrival_forest_fort_small_6, layout_basic
D:2:      layout_basic, nicolae_grassy_gnolls

Notes
Turn   | Place    | Note
-------+----------+-------------------------------------------
     0 | D:1      | Drazool the Kobold Brigand began the quest for the Orb.
     0 | D:1      | Reached XP level 1. HP: 12/12 MP: 1/1
   188 | D:1      | Reached skill level 3 in Short Blades
   188 | D:1      | Reached XP level 2. HP: 18/18 MP: 2/2
  1167 | D:1      | Slain by a gnoll

Vanquished Creatures
  A dart slug (D:1)
  4 ball pythons (D:1)
  A giant cockroach (D:1)
  2 goblins
  A hobgoblin (D:1)
  A quokka (D:1)
  3 frilled lizards (D:1)
  2 kobolds (D:1)
15 creatures vanquished.

Table legend: (Time is in decaauts)
 A = Elapsed time spent in this place.
 B = Non-inter-level travel time spent in this place.
 C = Inter-level travel time spent in this place.
 D = Time resting spent in this place.
 E = Time spent auto-exploring this place.
 F = Levels seen in this place.
 G = Mean time per level.
                   A        B        C        D        E       F      G
               +--------+--------+--------+--------+--------+-----+--------+
         Total |   1162 |   1133 |     29 |      0 |    944 |   2 |  581.0 |
       Dungeon |   1162 |   1133 |     29 |      0 |    944 |   2 |  581.0 |
               +--------+--------+--------+--------+--------+-----+--------+

Top non-repeatable levels by time:
     D:1: 1080 daAuts
     D:2: 82 daAuts

Table legend:
 A = Non-vault XP
 B = Vault XP
 C = Vault XP percentage of total XP
 D = Non-vault monster count
 E = Vault monster count
 F = Vault count percentage of total count
                 A         B        C        D         E       F
            +---------+---------+-------+---------+---------+-------
      Total |      27 |       0 |   0.0 |      15 |       0 |   0.0
            +---------+---------+-------+---------+---------+-------
        D:1 |      26 |       0 |   0.0 |      14 |       0 |   0.0
        D:2 |       1 |       0 |   0.0 |       1 |       0 |   0.0
            +---------+---------+-------+---------+---------+-------
